Map: Terraform LE (Void)

Players

LiveZerg

  • Race: Zerg Zerg
  • League: Master

Beastyqt - Winner!

  • Race: Terran Terran
  • League: Master

Event: Lycan League Weekly August #2

VOD

Have the link to the VOD?

Description

Time

  • Played on: Aug. 10, 2015, 1:47 p.m.
  • Length: 19:18

All games in this series

Show
View Real Time Build Order
Export as new Build Order

LiveZerg Zerg 

Build Orders: Hatch First 

Get SALT Encoding   

  12  0:01  Drone  
  13  0:12  Overlord  
  13  0:18  Drone  
  14  0:25  Extractor  
  14  0:26  Drone  
  15  0:31  Drone  
  15  0:35  Drone  
  17  0:53  Hatchery  
  17  0:56  Drone  
  17  1:00  Drone  
  18  1:10  Extractor  
  17  1:14  Spawning Pool  
  17  1:15  Drone  
  17  1:19  Drone  
  18  1:29  Overlord  
  18  2:00  Queen  
  20  2:01  Zergling x6  
  20  2:07  Spine Crawler, Zergling x2  
  23  2:14  Metabolic Boost  
  22  2:27  Zergling x4  
  22  2:28  Zergling x2  
  24  2:35  Zergling x4  
  25  2:42  Zergling x2  
  26  2:50  Zergling x2  
  26  2:52  Queen  
  28  3:01  Zergling x2  
  28  3:02  Zergling x2  
  29  3:10  Zergling x6  
  27  3:17  Zergling x2  
  27  3:21  Zergling x2  
  28  3:31  Queen  
  28  3:32  Zergling x2  
  28  3:42  Zergling x6  
  29  3:51  Zergling x2  
  29  3:53  Zergling x2  
  30  4:06  Zergling x4  
  33  4:17  Drone  
  33  4:18  Overlord  
  33  4:36  Drone x4  
  37  4:44  Drone x4  
  41  4:50  Drone x2  
  43  4:58  Overlord  
  43  5:09  Overlord  
  43  5:13  Extractor  
  42  5:17  Drone x2  
  44  5:22  Drone x4, Roach Warren  
  44  5:26  Overlord  
  44  5:27  Drone  
  44  5:28  Drone  
  49  5:30  Drone  
  49  5:32  Drone  
  52  5:39  Overlord  
  51  5:46  Zergling x4  
  51  5:47  Zergling x4  
  54  5:52  Zergling x8  
  58  6:03  Hatchery  
  56  6:10  Overlord  
  56  6:11  Zergling x2  
  56  6:12  Zergling x4  
  58  6:25  Overlord  
  55  6:26  Drone x2  
  55  6:27  Drone  
  55  6:29  Extractor  
  52  6:42  Zergling x12  
  54  6:48  Lair, Extractor  
  54  6:52  Drone x5  
  56  7:04  Drone x3  
  56  7:05  Drone x2  
  61  7:08  Extractor  
  61  7:10  Overlord  
  61  7:12  Spore Crawler  
  61  7:14  Spore Crawler, Drone  
  59  7:15  Spore Crawler  
  58  7:26  Overlord  
  58  7:28  Drone x3  
  60  7:40  Drone  
  60  7:43  Spore Crawler  
  59  7:44  Drone  
  59  7:45  Drone x2  
  59  7:47  Overlord  
  59  7:48  Glial Reconstitution  
  62  7:52  Infestation Pit  
  62  7:56  Hydralisk Den  
  62  7:57  Roach x3  
  62  7:58  Roach x3  
  74  8:02  Roach  
  76  8:07  Roach x2  
  82  8:13  Roach x3  
  80  8:26  Hydralisk x2  
  71  8:27  Hydralisk x3  
  71  8:32  Hydralisk  
  71  8:33  Hydralisk  
  72  8:38  Hydralisk  
  63  9:01  Drone x3  
  63  9:02  Drone x6  
  70  9:13  Hive  
  70  9:14  Queen  
  72  9:18  Drone x2  
  72  9:19  Drone  
  75  9:27  Drone x2, Queen  
  75  9:29  Zergling x2  
  80  9:35  Muscular Augments  
  80  9:37  Extractor  
  80  9:38  Extractor  
  78  9:46  Drone  
  78  9:47  Drone x3  
  78  9:51  Drone  
  83  9:53  Queen  
  83  9:56  Drone  
  83  9:57  Drone  
  87  10:00  Overlord  
  87  10:03  Hydralisk  
  87  10:05  Ravager x4  
  92  10:16  Hydralisk x2  
  92  10:17  Roach x2  
  92  10:19  Overlord  
  97  10:31  Hatchery  
  96  10:36  Viper x2  
  102  10:44  Zergling x2  
  102  10:45  Viper  
  102  10:49  Overlord  
  106  11:00  Evolution Chamber, Drone x9  
  106  11:01  Evolution Chamber  
  113  11:12  Viper  
  116  11:19  Drone x4  
  116  11:22  Zergling x2  
  121  11:29  Zerg Missile Weapons Level 1, Zerg Ground Armor Level 1  
  121  11:32  Overlord  
  121  11:33  Pneumatized Carapace  
  121  11:34  Extractor  
  121  11:35  Zergling x2, Extractor  
  121  11:36  Zergling x2  
  121  11:40  Drone x2  
  121  11:41  Drone x4  
  123  11:54  Drone x3  
  123  11:57  Overlord  
  125  12:02  Overlord, Overseer  
  125  12:03  Overlord, Spire  
  124  12:15  Overlord  
  124  12:17  Drone  
  124  12:20  Spine Crawler, Hydralisk x2  
  124  12:21  Roach x3  
  124  12:22  Roach x4  
  141  12:23  Drone  
  141  12:27  Zergling x2  
  142  12:32  Spine Crawler  
  142  12:34  Spine Crawler  
  142  12:35  Spine Crawler x2  
  138  12:40  Overlord  
  138  12:43  Overlord  
  138  12:45  Hydralisk x3  
  138  12:47  Roach x2  
  148  12:57  Drone x2  
  150  13:10  Hydralisk x3, Roach x3  
  150  13:12  Viper  
  165  13:13  Viper  
  165  13:18  Ravager x5  
  165  13:19  Ravager x3  
  172  13:24  Zerg Ground Armor Level 2, Zerg Missile Weapons Level 2, Greater Spire  
  171  13:30  Overlord  
  171  13:40  Roach x3  
  171  13:41  Roach  
  163  13:58  Hatchery  
  163  14:00  Corruptor x3  
  168  14:10  Corruptor x2  
  168  14:14  Overlord x2  
  172  14:30  Zergling x2  
  172  14:35  Drone x3  
  172  14:37  Drone x3  
  172  14:39  Corruptor  
  172  14:40  Corruptor x3  
  172  14:42  Overlord  
  180  14:46  Zerg Flyer Weapons Level 1  
  172  14:56  Brood Lord x2  
  163  15:02  Brood Lord  
  163  15:03  Brood Lord  
  167  15:12  Brood Lord x2  
  171  15:16  Drone x3  
  171  15:19  Drone  
  175  15:22  Brood Lord  
  175  15:27  Brood Lord  
  179  15:29  Brood Lord  
  176  15:39  Corruptor x2  
  180  15:46  Drone  
  180  15:47  Drone x2  
  180  15:49  Zerg Melee Weapons Level 1  
  183  15:54  Corruptor  
  185  15:58  Corruptor  
  185  16:01  Corruptor  
  189  16:08  Ravager  
  189  16:09  Corruptor  
  182  16:20  Hydralisk  
  182  16:21  Hydralisk x4  
  180  16:26  Viper  
  185  16:33  Brood Lord  
  185  16:36  Hydralisk  
  185  16:47  Zerg Flyer Weapons Level 2  
  178  16:56  Hydralisk x2  
  178  16:57  Hydralisk x2  
  177  17:10  Overseer  
  177  17:14  Corruptor x2  
  168  17:26  Hatchery  
  153  17:37  Hydralisk x5  
  153  17:41  Drone x5  
  153  17:42  Drone x3  
  171  17:45  Hydralisk  
  173  17:58  Hydralisk x3  
  179  18:11  Hydralisk  
  179  18:12  Hydralisk  
  181  18:19  Hydralisk  
  183  18:20  Hydralisk  
  183  18:26  Corruptor  
  186  18:49  Hydralisk  
  186  18:50  Hydralisk x2  
Show
View Real Time Build Order
Export as new Build Order

Beastyqt Terran - Winner!

Build Orders:  

Get SALT Encoding   

  13  0:11  Supply Depot  
  12  0:34  Barracks  
  12  0:38  Refinery  
  12  0:51  Barracks  
  12  1:20  Orbital Command  
  12  1:21  Reaper  
  13  1:42  Reaper  
  14  1:48  SCV  
  15  1:58  Bunker  
  15  2:01  Bunker  
  15  2:02  Reaper  
  16  2:13  SCV  
  17  2:16  Reaper  
  18  2:28  SCV  
  18  2:29  Bunker  
  19  2:39  Reaper  
  20  2:45  SCV  
  20  2:49  Supply Depot  
  21  2:54  Reaper  
  21  2:57  SCV  
  23  3:00  Refinery  
  23  3:09  SCV  
  23  3:12  Reaper  
  23  3:21  SCV  
  23  3:24  Supply Depot  
  24  3:33  SCV  
  25  3:45  SCV  
  24  3:49  Factory  
  24  3:52  Reaper  
  24  3:55  Reaper  
  25  4:03  SCV  
  26  4:14  Command Center  
  26  4:16  SCV  
  27  4:28  SCV  
  30  4:36  Factory Reactor  
  30  4:38  Supply Depot  
  30  4:43  SCV  
  29  4:47  Starport  
  29  4:55  SCV  
  30  5:06  Factory  
  30  5:07  Liberator  
  30  5:08  SCV  
  31  5:15  Hellion  
  33  5:21  SCV  
  37  5:32  Orbital Command  
  38  5:35  SCV  
  38  5:44  Hellion  
  38  5:47  SCV  
  38  5:49  Orbital Command  
  41  5:50  Factory Tech Lab  
  41  5:52  Hellion  
  43  5:59  SCV  
  43  6:04  Armory  
  44  6:12  SCV, Liberator  
  44  6:17  SCV  
  46  6:24  SCV  
  43  6:25  Supply Depot  
  49  6:33  Siege Tank  
  49  6:36  SCV  
  45  6:40  SCV  
  45  6:43  Hellion x2  
  46  6:48  SCV  
  46  6:54  SCV  
  48  7:00  SCV  
  48  7:06  SCV  
  49  7:10  Cyclone, Hellion x2  
  49  7:12  SCV  
  49  7:14  Starport Reactor  
  57  7:18  SCV  
  58  7:25  SCV  
  58  7:26  Supply Depot  
  59  7:30  SCV  
  59  7:33  Hellion x2  
  59  7:37  SCV  
  65  7:44  SCV  
  66  7:45  Command Center  
  66  7:50  Supply Depot  
  66  7:51  Barracks  
  66  7:53  Cyclone  
  66  7:54  SCV  
  66  7:58  Hellion  
  72  8:02  SCV  
  73  8:06  SCV  
  74  8:14  SCV  
  74  8:18  SCV  
  74  8:19  Hellion  
  78  8:26  SCV  
  76  8:27  Refinery, Liberator  
  76  8:28  Refinery  
  76  8:30  SCV, Factory  
  76  8:32  Cyclone  
  76  8:33  Hellion  
  80  8:38  SCV  
  80  8:40  Hellion  
  81  8:42  SCV  
  83  8:50  SCV  
  83  8:54  SCV  
  81  8:56  Supply Depot  
  81  8:59  Orbital Command  
  78  9:03  Hellion  
  78  9:04  SCV, Hellion  
  78  9:05  Supply Depot, Factory  
  78  9:09  Supply Depot  
  84  9:17  SCV  
  84  9:19  Refinery  
  84  9:22  SCV  
  84  9:24  Cyclone  
  88  9:25  Factory Reactor  
  88  9:29  Supply Depot, Refinery  
  88  9:30  Factory  
  88  9:31  SCV, Engineering Bay  
  89  9:32  Orbital Command  
  89  9:39  SCV  
  89  9:42  Supply Depot  
  90  9:46  Hellion x2  
  90  9:48  Terran Vehicle Weapons Level 1  
  90  9:50  SCV  
  90  9:52  Factory Tech Lab  
  95  9:53  SCV  
  96  10:02  Sensor Tower  
  96  10:04  SCV  
  96  10:05  SCV  
  98  10:09  Supply Depot  
  98  10:10  Missile Turret  
  98  10:11  SCV  
  99  10:14  Factory Tech Lab  
  99  10:16  SCV  
  99  10:17  SCV  
  99  10:19  Cyclone  
  99  10:21  Cyclone  
  107  10:26  SCV  
  106  10:29  SCV, Hellion  
  106  10:30  SCV, Hellion x2  
  114  10:38  Cyclone, Unknown  
  114  10:39  Infernal Pre-Igniter  
  118  10:43  Hellion  
  109  10:52  Command Center  
  109  10:54  Siege Tank  
  109  10:57  Cyclone, Hellion x2  
  115  10:58  Hellion  
  121  11:04  Hellion  
  121  11:06  Supply Depot  
  121  11:08  Supply Depot x2  
  121  11:09  Armory  
  121  11:12  Viking x2  
  121  11:16  Hellion  
  125  11:19  Hellion x2  
  129  11:27  Fusion Core  
  129  11:28  Hellion x3  
  129  11:29  Hellion  
  137  11:35  SCV x2  
  137  11:37  Hellion  
  141  11:40  Hellion x2  
  141  11:42  Viking x2  
  141  11:44  Supply Depot  
  147  11:47  Missile Turret  
  141  11:56  Cyclone x2  
  141  11:58  Terran Vehicle And Ship Armor Level 1  
  141  11:59  Hellion x3  
  151  12:13  SCV x2  
  152  12:16  Unknown  
  152  12:19  Command Center  
  152  12:20  Command Center  
  152  12:26  Missile Turret  
  152  12:30  Missile Turret  
  152  12:33  Sensor Tower  
  152  12:37  Terran Vehicle Weapons Level 2  
  152  12:40  Cyclone x2  
  152  12:41  Hellion x2  
  162  12:51  Refinery  
  162  12:52  Refinery  
  162  12:58  Command Center  
  162  12:59  Planetary Fortress  
  162  13:07  Cyclone  
  162  13:12  Cyclone  
  168  13:26  Command Center  
  168  13:27  Cyclone  
  169  13:34  Orbital Command x2  
  169  13:38  Viking  
  169  13:39  Cyclone  
  172  13:51  Cyclone  
  166  13:57  Viking  
  166  13:59  Cyclone  
  165  14:03  Hellion x2  
  165  14:08  Viking  
  169  14:21  Factory x2  
  169  14:24  Factory  
  169  14:30  Viking  
  171  14:36  Refinery  
  165  14:38  Planetary Fortress, Viking  
  165  14:40  Orbital Command  
  165  14:43  Cyclone  
  165  14:44  Cyclone  
  169  14:51  Refinery  
  158  15:05  Cyclone  
  161  15:08  Factory Tech Lab x3  
  161  15:15  Viking  
  161  15:16  Cyclone x2, Viking  
  169  15:34  Command Center  
  169  15:41  Cyclone x3  
  178  15:44  Terran Vehicle And Ship Armor Level 2  
  178  15:53  Terran Vehicle Weapons Level 3  
  178  15:58  Hellion x2  
  178  15:59  Hellion x3  
  178  16:03  Sensor Tower  
  188  16:10  Cyclone x2  
  194  16:14  Hellion  
  184  16:21  Viking x2  
  188  16:29  Hellion  
  190  16:41  Cyclone x2  
  190  16:44  Starport  
  196  16:50  Refinery  
  196  16:51  Viking x2  
  196  16:52  Refinery  
  200  17:05  Cyclone x2  
  184  17:22  Command Center  
  184  17:23  Command Center  
  184  17:25  Cyclone  
  184  17:26  Command Center, Cyclone  
  166  17:38  Viking  
  166  17:39  Viking  
  170  17:45  Planetary Fortress  
  170  17:51  Starport Reactor  
  170  18:03  Cyclone x4  
  170  18:05  Hellion x2  
  186  18:08  Viking  
  186  18:19  Viking  
  186  18:38  Viking x3  

Tags
 
Add a new tag
Caveats
  • Supply blocks, unpowered buildings, or Contaminate may cause inaccurate times.
  • Supply counts are checked every 10 seconds.